 Dungeon Crawl Stone Soup version 0.13.1-2-gfb2c2b7 (webtiles) character file.

398 Lilouch the Sneak (level 6, -2/36 HPs)
             Began as an Octopode Air Elementalist on Dec 5, 2013.
             Slain by a sky beast (6 damage)
             ... on Level 3 of the Dungeon.
             The game lasted 00:23:34 (4686 turns).

Lilouch the Sneak (Octopode Air Elementalist)       Turns: 4686, Time: 00:23:35

HP  -2/36        AC  1     Str  8      XL: 6   Next: 27%
MP  11/11        EV 13     Int 19      God:
Gold 117         SH  0     Dex 12      Spells:  3 memorised,  3 levels left

Res.Fire  : . . .   See Invis. : .   s - +2,+3 orc mace
Res.Cold  : . . .   Warding    : +   (no shield)
Life Prot.: + . .   Conserve   : .   (helmet restricted)
Res.Poison: +       Res.Corr.  : .   m - amulet of warding
Res.Elec. : .       Clarity    : .   d - ring of regeneration
Sust.Abil.: + .     Spirit.Shd : .   (no ring)
Res.Mut.  : .       Stasis     : .   j - ring of sustain abilities
Res.Rott. : .       Flight     : .   C - ring of poison resistance
Saprovore : . . .                    (no ring)
                                     (no ring)
                                     (no ring)
                                     (no ring)

@: slightly resistant to hostile enchantments, very stealthy
A: almost no armour, amphibious, 8 rings, constrict 8, camouflage 1, AC +1
a: no special abilities


You were on level 3 of the Dungeon.
You were very hungry.

You visited 1 branch of the dungeon, and saw 3 of its levels.

You collected 97 gold pieces.

Inventory:

Hand weapons
 e - a +0,+0 dagger (quivered)
 k - a cursed +0,-1 sling
 p - a +0,+0 dagger
 s - a +2,+3 orcish mace (weapon)
 u - a -1,+1 orcish dagger
 w - a +0,+0 dagger
 y - a +0,+1 orcish dagger
Missiles
 l - 17 stones
 n - 26 arrows
 A - 2 darts of frost
Comestibles
 c - a bread ration
 x - a meat ration
Scrolls
 a - a scroll of amnesia {unknown}
 g - a scroll of remove curse
 h - a scroll of curse jewellery {unknown}
 i - a scroll of random uselessness {unknown}
 o - a scroll of recharging {unknown}
 q - a scroll of magic mapping {unknown}
 z - a scroll of fog {unknown}
 D - a scroll of enchant weapon II
 E - a scroll of identify
Jewellery
 d - a ring of regeneration (left tentacle)
 f - an uncursed ring of teleportation
 j - a ring of sustain abilities (on tentacle)
 m - an amulet of warding (around mantle)
 C - a ring of poison resistance (on tentacle)
Potions
 r - a potion of heal wounds {unknown}
 t - a potion of paralysis {unknown}
 v - a potion of curing
 B - a potion of confusion {unknown}
Books
 b - a book of Air

   Spells                             Type                      Level
   *Shock                             Conjuration/Air              1
   *Swiftness                         Charms/Air                   2
   Repel Missiles                     Charms/Air                   2
   Flight                             Charms/Air                   3
   *Static Discharge                  Conjuration/Air              3
   Lightning Bolt                     Conjuration/Air              5


   Skills:
 + Level 3.3 Dodging
 + Level 4.7 Stealth
 + Level 2.3 Spellcasting
 + Level 2.8 Conjurations
 + Level 4.0 Air Magic


You had 3 spell levels left.
You knew the following spells:

 Your Spells              Type           Power        Failure   Level  Hunger
a - Shock                 Conj/Air       ###.         4%          1    #......
b - Swiftness             Chrm/Air       #.........   12%         2    ##.....
c - Static Discharge      Conj/Air       ###.....     12%         3    ###....


Dungeon Overview and Level Annotations

Branches:
Dungeon (3/27)

Altars:
Fedhas

Annotations:
D:3 Ijyb, Sigmund


Innate Abilities, Weirdness & Mutations

You cannot wear most types of armour.
You are amphibious.
You can wear up to eight rings at the same time.
You can use your tentacles to constrict many enemies at once.
Your skin changes colour to match your surroundings (Stlth).
Your rubbery body absorbs attacks (AC +1).


Message History

You miss the sky beast.
The sky beast is severely wounded.
The sky beast barely misses you.
The sky beast flickers out of sight!
Deactivating autopickup; reactivate with Ctrl-A.
It hits you. It shocks you!
You miss it. Your squeeze misses it. It hits you. It shocks you.
* * * LOW HITPOINT WARNING * * *
You closely miss it.
A sky beast appears from thin air!
Reactivating autopickup.
The sky beast hits you.
* * * LOW HITPOINT WARNING * * *
The sky beast shocks you.
* * * LOW HITPOINT WARNING * * *
You hit the sky beast but do no damage.
You squeeze the sky beast, but do no damage.
The sky beast is severely wounded.
The sky beast closely misses you. The sky beast hits you.
* * * LOW HITPOINT WARNING * * *
The sky beast shocks you!
You die...

.###....# #......#
........# #.####.#
.###.......##.# #I#
.# ####...@##.# #.#
.# #.#####.# #.# .#
....# #.# #.#
.####.###.###.# ##.##
......# #.....###...#
#####.###.##....@I#.#
# #.....###.###...# #
###.### #.# ##### #
#.#####.# # #.##....#
# #.##.#### #
#####.##.# #
#.....##.# #
#.######.#


You could see a sky beast.

Vanquished Creatures
  An ogre (D:3)
  An orc wizard (D:3)
  6 adders
  3 gnolls (D:2)
  A worm (D:2)
  2 giant geckos
  4 orcs
  4 bats
  3 giant cockroaches
  8 goblins
  11 hobgoblins
  4 jackals (D:2)
  10 kobolds
  2 quokkas
  A ball python (D:2)
  5 giant newts
  8 rats
74 creatures vanquished.

Notes
Turn   | Place    | Note
--------------------------------------------------------------
     0 | D:1      | Lilouch, the Octopode Air Elementalist, began the quest for the Orb.
     0 | D:1      | Reached XP level 1. HP: 11/11 MP: 3/3
   503 | D:1      | Reached XP level 2. HP: 13/17 MP: 0/4
  1552 | D:2      | Reached XP level 3. HP: 21/21 MP: 0/6
  1780 | D:2      | HP: 1/21 [poisoned by an adder]
  2080 | D:2      | Reached XP level 4. HP: 18/27 MP: 0/7
  2233 | D:2      | Reached skill level 4 in Stealth
  3404 | D:2      | Reached XP level 5. HP: 31/31 MP: 6/9
  3524 | D:2      | Found a blossoming altar of Fedhas.
  3777 | D:3      | Noticed Ijyb
  4067 | D:3      | Noticed an ogre
  4072 | D:3      | Learned a level 2 spell: Swiftness
  4076 | D:3      | Learned a level 3 spell: Static Discharge
  4119 | D:3      | Killed an ogre
  4119 | D:3      | Reached XP level 6. HP: 36/36 MP: 2/11
  4579 | D:3      | Noticed Sigmund
  4600 | D:3      | Noticed a sky beast
  4686 | D:3      | Slain by a sky beast

Action                   |  1- 3 |  4- 6 || total
-------------------------+-------+-------++-------
Melee: Unarmed           |    13 |    23 ||    36
       Mace              |       |    12 ||    12
Throw: Dagger            |     5 |       ||     5
       Stone             |     6 |       ||     6
 Cast: Shock             |    67 |   126 ||   193
       Swiftness         |       |     8 ||     8
       Static Discharge  |       |     1 ||     1
  Use: Potion            |     2 |       ||     2
       Scroll            |       |     4 ||     4
